 Dungeon Crawl Stone Soup version 0.25-a0-1036-g6f112fb28d (webtiles) character file.

Game seed: 1201348122253584953, levelgen mode: deterministic

242 Maedhros the Insei (level 6, -6/38 HPs)
             Began as an Octopode Artificer on May 13, 2020.
             Mangled by a centaur (7 damage)
             ... on level 6 of the Dungeon.
             The game lasted 00:03:11 (550 turns).

Maedhros the Insei (Octopode Artificer)              Turns: 550, Time: 00:03:11

Health: -6/38      AC:  1    Str: 11    XL:     6   Next: 9%
Magic:  8/8        EV: 13    Int: 13    God:
Gold:   54         SH:  0    Dex: 15    Spells: 5/5 levels left

rFire    + + .     SeeInvis .   a - +0 short sword
rCold    x . .     Gourm    .   (no shield)
rNeg     . . .     Faith    .   (helmet restricted)
rPois    .         Spirit   .   (no amulet)
rElec    .         Reflect  .   e - ring of fire
rCorr    .         Harm     .   i - ring of protection from fire
MR       .....                  (no ring)
Stlth    ++++......             (no ring)
HPRegen  0.12/turn              (no ring)
MPRegen  0.11/turn              (no ring)
                                (no ring)
                                (no ring)

@: no status effects
A: almost no armour, stealthy swim, amphibious, 8 rings, constrict 8, camouflage
1, gelatinous body 1
a: no special abilities


You were on level 6 of the Dungeon.
You were not hungry.

You visited 1 branch of the dungeon, and saw 6 of its levels.

You collected 54 gold pieces.

Inventory:

Hand Weapons
 a - a +0 short sword (weapon)
Jewellery
 e - a ring of fire (left tentacle)
 i - a ring of protection from fire (right tentacle)
 p - an uncursed amulet of guardian spirit {unknown}
Wands
 b - a wand of flame (3)
 c - a wand of enslavement (10)
 d - a wand of random effects (1)
Scrolls
 g - a scroll of teleportation {unknown}
 j - a scroll of enchant armour {unknown}
 k - a scroll of vulnerability {unknown}
Potions
 h - a potion of ambrosia {unknown}
 l - a potion of magic {unknown}
 m - a potion of stabbing {unknown}
 n - a potion of haste {unknown}
 o - a potion of lignification {unknown}
Comestibles
 f - 3 rations


   Skills:
 - Level 1.0 Fighting
 - Level 1.0 Short Blades
 - Level 2.0 Dodging
 - Level 4.0 Stealth
 + Level 5.0 Unarmed Combat
 - Level 3.2 Evocations


You had 5 spell levels left.
You didn't know any spells.
Your spell library contained the following spells:

 Spells                   Type           Power        Failure   Level  Hunger
 Animate Skeleton         Necr           N/A          30%         1    ##.....
 Pain                     Necr           #...         30%         1    ##.....
 Vampiric Draining        Necr           #.........   67%         3    ####...
 Animate Dead             Necr           N/A          97%         4    #####..
 Agony                    Necr           #.......     100%        5    ######.


Dungeon Overview and Level Annotations

Branches:
Dungeon (6/15)
 Temple: D:4-7

Altars:
Kikubaaqudgha
Yredelemnul
Zin
The Shining One

Shops:
D:4 :


Innate Abilities, Weirdness & Mutations

You cannot wear most types of armour.
You are very stealthy in the water. (Stealth+)
You are amphibious.
You can wear up to eight rings at the same time.
You can use your tentacles to constrict eight enemies at once.
Your skin changes colour to match your surroundings (Stealth+).
Your rubbery body absorbs attacks. (AC +1, EV +1)


Message History

Evoke which item? (* to show all) (? for menu, Esc to quit)
Aiming: Enslavement
Press: ? - help, Shift-Dir - straight line, f/p - centaur
Aim: a centaur, quivering 24 arrows (severely wounded, chance to defeat MR: 55%)
The centaur resists with significant effort.
The centaur closely misses you. The centaur hits you.
* * * LOW HITPOINT WARNING * * *
Evoke which item? (* to show all) (? for menu, Esc to quit)
Aiming: Enslavement
Press: ? - help, Shift-Dir - straight line, f/p - centaur
Aim: a centaur, quivering 24 arrows (severely wounded, chance to defeat MR: 55%)
The centaur resists with significant effort.
The centaur closely misses you.
Evoke which item? (* to show all) (? for menu, Esc to quit)
Aiming: Enslavement
Press: ? - help, Shift-Dir - straight line, f/p - centaur
Aim: a centaur, quivering 24 arrows (severely wounded, chance to defeat MR: 55%)
The centaur resists with significant effort.
The centaur barely misses you. The centaur hits you!
You die...

#.....#.........#..........
#.....#.........#.....##'##
#.....#'#########.....#..'.
#.................#..#.
#.................#..#.
#.................#.###
#............######.###
#.<..####... #.....
#....'@c+ .. #.....
#....#..# #<.... #....#.##
#..##. ######.# #..# . ..#
.... . ..# .....[ ..#
........ #### #######+


You could see a centaur.

Vanquished Creatures
  An ogre (D:5)
  A jelly (D:4)
  2 orc wizards (D:5)
  A worker ant (D:4)
  3 adders
  A shadow imp (D:5)
  An adder zombie (D:4)
  3 orcs (D:5)
  A giant cockroach (D:4)
14 creatures vanquished.

Notes
Turn   | Place    | Note
-------+----------+-------------------------------------------
     0 | D:1      | Maedhros the Octopode Artificer began the quest for the
                  | Orb.
     0 | D:1      | Reached XP level 1. HP: 13/13 MP: 3/3
    90 | D:4      | Found Quzus's Book Boutique.
    92 | D:4      | Reached XP level 2. HP: 7/18 MP: 4/4
   183 | D:4      | Reached XP level 3. HP: 8/23 MP: 5/5
   250 | D:4      | Reached skill level 2 in Unarmed Combat
   259 | D:4      | Found a glowing silver altar of Zin.
   259 | D:4      | Found a glowing golden altar of the Shining One.
   262 | D:4      | Found a basalt altar of Yredelemnul.
   262 | D:4      | Found an ancient bone altar of Kikubaaqudgha.
   292 | D:4      | Reached XP level 4. HP: 15/28 MP: 6/6
   319 | D:5      | Entered Level 5 of the Dungeon
   328 | D:5      | Reached skill level 3 in Unarmed Combat
   329 | D:5      | Reached XP level 5. HP: 17/33 MP: 7/7
   334 | D:5      | Reached skill level 4 in Unarmed Combat
   335 | D:5      | Noticed an ogre
   346 | D:5      | Killed an ogre
   346 | D:5      | Reached XP level 6. HP: 22/38 MP: 8/8
   473 | D:5      | Reached skill level 5 in Unarmed Combat
   548 | D:6      | HP: 1/38 [centaur (3)]
   550 | D:6      | Mangled by a centaur

Illustrated notes

Levels and vault maps discovered:
D:1:      wheals_arrival_shading, layout_loops_ring
D:2:      layout_loops_ring, minitemple
D:3:      layout_loops_corners, chequers_ecumenical_altar_simple_redux
D:4:      layout_loops_ring, nicolae_overflow_hidden_temple,
          chequers_temple_overflow_statue_of_worship,
          minmay_temple_entry_overgrown, serial_shops, shop
D:5:      layout_loops_cross, first_ration, hangedman_decor_opposing
D:6:      layout_gridville, nrook_campfire

Skill      XL: |  1  2  3  4  5  6 |
---------------+-------------------+-----
Stealth        | 3 4 |  4.0
Unarmed Combat | 2 3 4 5 |  5.0
Fighting       | |  1.0
Short Blades   | |  1.0
Dodging        | |  2.0
Evocations     | |  3.2

Action                   |  1- 3 |  4- 6 || total
-------------------------+-------+-------++-------
Melee: Short sword       |     8 |    10 ||    18
       Tentacles         |     3 |     1 ||     4
       Constrict         |     2 |     3 ||     5
Evoke: Wand              |     8 |    23 ||    31
 Stab: Paralysed         |     1 |     2 ||     3
       Sleeping          |       |     1 ||     1
Dodge: Dodged            |     6 |     8 ||    14

Table legend:
 A = Non-vault XP
 B = Vault XP
 C = Vault XP percentage of total XP
 D = Non-vault monster count
 E = Vault monster count
 F = Vault count percentage of total count
                 A         B        C        D         E       F
            +---------+---------+-------+---------+---------+-------
      Total |     346 |       0 |   0.0 |      14 |       0 |   0.0
            +---------+---------+-------+---------+---------+-------
        D:4 |     113 |       0 |   0.0 |       6 |       0 |   0.0
        D:5 |     233 |       0 |   0.0 |       8 |       0 |   0.0
            +---------+---------+-------+---------+---------+-------
